 Dungeon Crawl Stone Soup version 0.29-a0-541-gaf1fc19f1b (webtiles) character file.

Game seed: 4729224929336904272

66 IdlyInterested the Cudgeller (level 3, 0/28 HPs)
             Began as a Demonspawn Gladiator on June 2, 2022.
             Slain by a jackal (1 damage)
             ... on level 3 of the Dungeon.
             The game lasted 00:05:08 (2635 turns).

IdlyInterested the Cudgeller (Demonspawn Gladiator) Turns: 2635, Time: 00:05:09

Health: 0/28       AC:  7    Str: 14    XL:     3   Next: 96%
Magic:  3/3        EV: 10    Int: 15    God:
Gold:   126        SH:  0    Dex: 16    Spells: 2/2 levels left

rFire   . . .      SeeInvis .   a - +0 flail
rCold   . . .      Faith    .   (no shield)
rNeg    . . .      Spirit   .   h - +0 scale mail
rPois   .          Reflect  .   c - +0 helmet
rElec   .          Harm     .   (no cloak)
rCorr   +          Rampage  .   (no gloves)
Will    .....                   (no boots)
Stlth   ..........              (no amulet)
HPRegen 0.09/turn               g - +6 ring of intelligence
MPRegen 0.08/turn               o - ring of resist corrosion

@: confused, lethally poisoned (0 -> -2)
A: claws 1
a: no special abilities


You were on level 3 of the Dungeon.
You visited 1 branch of the dungeon, and saw 3 of its levels.

You collected 126 gold pieces.

Inventory:

Hand Weapons
 a - a +0 flail (weapon)
Missiles
 d - 3 throwing nets
 e - a javelin
 f - 101 stones (quivered)
 p - 5 poisoned darts
Armour
 b - a +0 leather armour
 c - a +0 helmet (worn)
 h - a +0 scale mail (worn)
Jewellery
 g - a +6 ring of intelligence (left claw)
 o - a ring of resist corrosion (right claw)
Scrolls
 n - 3 scrolls of teleportation
 q - 2 scrolls of identify
 s - a scroll of silence {unknown}
 u - a scroll of blinking {unknown}
Potions
 i - a potion of brilliance
 j - 2 potions of curing
 k - 2 potions of lignification
 l - 2 potions of heal wounds {unknown}
 m - 2 potions of might
 r - a potion of haste {unknown}
 t - a potion of attraction {unknown}


   Skills:
 + Level 2.7 Fighting
 * Level 3.2 Maces & Flails
 - Level 1.7 Throwing
 + Level 2.0 Armour
 - Level 2.6 Dodging
 * Level 0.4 Evocations


You had 2 spell levels left.
You didn't know any spells.
Your spell library contained the following spells:

 Spells                   Type           Power      Damage    Failure   Level
 Slow                     Hex            0%         N/A       75%         1
 Summon Small Mammal      Summ           0%         N/A       75%         1
 Call Canine Familiar     Summ           0%         N/A       98%         3
 Confusing Touch          Hex            0%         N/A       98%         3
 Summon Guardian Golem    Hex/Summ       0%         N/A       98%         3
 Tukima's Dance           Hex            0%         N/A       98%         3
 Vampiric Draining        Necr           0%         2d6       98%         3
 Passage of Golubria      Tloc           0%         N/A       100%        4
 Yara's Violent Unravell  Hex/Tmut       0%         3d3       100%        5
 Enfeeble                 Hex            0%         N/A       100%        7


Dungeon Overview and Level Annotations

Branches:
Dungeon (3/15)

Altars:
Nemelex Xobeh
Ru

Annotations:
D:3 Ijyb


Innate Abilities, Weirdness & Mutations

You have sharp fingernails.


Message History

An orc comes into view. It is wielding a +0 trident.
The orc shouts!
The adder hisses angrily.
Found a scroll of torment.
Ijyb screams, "Me kill you!"
Found a potion of curing.
Ijyb hits you with a +0 club.
You closely miss Ijyb.
Ijyb screams, "Get away!"
Ijyb hits you with a +0 club.
You hit Ijyb.
Ijyb is lightly wounded.
The jackal barely misses you. Ijyb hits you with a +0 club.
The adder bites you but does no damage.
The jackal bites you but does no damage.
You hit Ijyb but do no damage.
Ijyb is lightly wounded.
The jackal bites you but does no damage.
The adder closely misses you.
Ijyb zaps a wand.
Your will is overpowered!
You are confused.
The orc hits you from afar with a +0 trident.
The jackal bites you but does no damage. x2
The adder bites you. The jackal attacks as you move away!
The jackal bites you but does no damage.
Ijyb zaps a wand.
You resist with significant effort. The adder attacks as you move away!
The adder bites you but does no damage.
Ijyb zaps a wand.
You resist with significant effort.
You're too confused to move!
The adder bites you but does no damage. The jackal barely misses you.
The adder bites you.
You are poisoned.
The adder poisons you! The jackal bites you.
* * * LOW HITPOINT WARNING * * *
You miss the adder.
You feel sick. The jackal barely misses you.
The orc hits you but does no damage. The jackal barely misses you.
The adder bites you.
* * * LOW HITPOINT WARNING * * *
The jackal barely misses you.
The orc hits you from afar with a +0 trident.
* * * LOW HITPOINT WARNING * * *
The jackal attacks as you move away! The jackal bites you.
You die...

.≈.⌠≈..≈..≈≈######....##.
.≈..≈..≈..≈≈ #........###
..≈..≈≈...≈###.###.#.####
!.≈.......##.#.# #.#.##..
≈≈........##.#.###.#.##.#
.?........##.#.....#.##.#
......o.g..#.......#....# #
###..#.hSh....###.......# #
#.....@.....###....####
##############...............##..
...........# #.##..#......#..####
...........##..^......##.........
...........##.........##......###
...........##.......#.##.##...###
...........##.......#†##.##.....#
...........##....####.........#.#
...........##....####.........#.#


You could see Ijyb, an adder, an orc and 2 jackals.

Vanquished Creatures
  An adder (D:2)
  A worm (D:2)
  A dart slug (D:2)
  5 ball pythons
  3 bats
  7 endoplasms
  3 giant cockroaches
  4 hobgoblins
  3 quokkas
  4 frilled lizards
  4 goblins
  6 kobolds
  7 rats
49 creatures vanquished.

Notes
Turn   | Place    | Note
-------+----------+-------------------------------------------
     0 | D:1      | IdlyInterested the Demonspawn Gladiator began the quest for
                  | the Orb.
     0 | D:1      | Reached XP level 1. HP: 16/16 MP: 1/1
   211 | D:1      | Found a faded altar of an unknown god.
   312 | D:1      | Reached skill level 1 in Armour
   312 | D:1      | Gained mutation: You have sharp fingernails. [demonic
                  | ancestry]
   312 | D:1      | Reached XP level 2. HP: 18/22 MP: 2/2
  1065 | D:2      | Reached skill level 3 in Maces & Flails
  1121 | D:2      | Reached XP level 3. HP: 19/28 MP: 3/3
  2313 | D:3      | Found a sacrificial altar of Ru.
  2313 | D:3      | Found a sparkling altar of Nemelex Xobeh.
  2624 | D:3      | Noticed Ijyb
  2634 | D:3      | HP: 1/28 [orc/+0 trident (3)]
  2635 | D:3      | Slain by a jackal

Illustrated notes

Levels and vault maps discovered:
D:1:      zaba_arrival_water, layout_loops_ring,
          hellmonk_ecumenical_altar_lost_god
D:2:      layout_basic, minmay_tromino_v2
D:3:      cheibrodos_helix_gallery, layout_basic,
          gammafunk_temple_overflow_pools, kennysheep_nub, uniq_ijyb

Skill      XL: |  1  2  3 |
---------------+----------+-----
Armour         | 1 2 |  2.0
Maces & Flails | 3 |  3.2
Fighting       | |  2.7
Throwing       | |  1.7
Dodging        | |  2.6
Evocations     | |  0.4

Action                   || total
-------------------------++-------
Melee: Flail             ||   143
       Punch             ||     1
  Use: Scroll            ||    10
Armor: Scale mail        ||    72
       Leather armour    ||     1
Dodge: Dodged            ||    91

Table legend: (Time is in decaauts)
 A = Elapsed time spent in this place.
 B = Non-inter-level travel time spent in this place.
 C = Inter-level travel time spent in this place.
 D = Time resting spent in this place.
 E = Time spent auto-exploring this place.
 F = Levels seen in this place.
 G = Mean time per level.
                   A        B        C        D        E       F      G
               +--------+--------+--------+--------+--------+-----+--------+
         Total |   2674 |   2623 |     51 |    798 |   1306 |   3 |  891.3 |
       Dungeon |   2674 |   2623 |     51 |    798 |   1306 |   3 |  891.3 |
               +--------+--------+--------+--------+--------+-----+--------+

Top non-repeatable levels by time:
     D:2: 1180 daAuts
     D:1: 1076 daAuts
     D:3: 418 daAuts
